 Dungeon Crawl Stone Soup version 0.23.2-40-g277498a001 (webtiles) character file.

Game seed: 15414065104586351875

29 Deathwalker the Slasher (level 3, 0/27 HPs)
             Began as a Human Warper on Aug 19, 2019.
             Slain by an adder (3 damage)
             ... on level 2 of the Dungeon.
             The game lasted 00:02:38 (876 turns).

Deathwalker the Slasher (Human Warper)               Turns: 876, Time: 00:02:38

Health: 0/27       AC:  3    Str: 11    XL:     3   Next: 32%
Magic:  2/6        EV: 12    Int: 14    God:
Gold:   70         SH:  0    Dex: 12    Spells: 2/6 levels left

rFire    . . .     SeeInvis .   a - +0 falchion
rCold    . . .     Gourm    .   (no shield)
rNeg     . . .     Faith    .   b - +0 leather armour
rPois    .         Spirit   .   (no helmet)
rElec    .         Reflect  .   (no cloak)
rCorr    .         Harm     .   (no gloves)
MR       .....                  (no boots)
Stlth    +.........             (no amulet)
HPRegen  0.09/turn              (no ring)
MPRegen  0.10/turn              (no ring)

@: lethally poisoned (0 -> -5), very slightly contaminated
A: no striking features
a: no special abilities


You were on level 2 of the Dungeon.
You were not hungry.

You visited 1 branch of the dungeon, and saw 2 of its levels.

You collected 70 gold pieces.

Inventory:

Hand Weapons
 a - a +0 falchion (weapon)
Missiles
 e - 5 tomahawks of dispersal (quivered)
Armour
 b - a +0 leather armour (worn)
Scrolls
 c - a scroll of teleportation {unknown}
 d - a scroll of blinking
 h - a scroll of immolation {unknown}
 i - a scroll of amnesia {unknown}
 l - a scroll of remove curse {unknown}
Potions
 g - a potion of curing {unknown}
 j - a potion of might {unknown}
 k - a potion of heal wounds {unknown}
Comestibles
 f - 3 rations


   Skills:
 - Level 2.0 Fighting
 * Level 3.5 Long Blades
 - Level 1.0 Throwing
 - Level 1.0 Armour
 - Level 2.0 Dodging
 - Level 2.0 Spellcasting
 - Level 3.0 Translocations


You had 2 spell levels left.
You knew the following spells:

 Your Spells              Type           Power        Failure   Level  Hunger
a - Blink                 Tloc           N/A          14%         2    ###....
b - Shroud of Golubria    Chrm/Tloc      #.........   26%         2    ###....

Your spell library contained the following spells:

 Spells                   Type           Power        Failure   Level  Hunger
 Gell's Gravitas          Tloc           #.........   26%         3    ####...
 Lesser Beckoning         Tloc           #.........   26%         3    ####...
 Teleport Other           Tloc           #.......     26%         3    ####...
 Passage of Golubria      Tloc           N/A          65%         4    #####..


Dungeon Overview and Level Annotations

Branches:
Dungeon (2/15)

Altars:


Message History

You completely miss the adder. The adder barely misses you.
You closely miss the adder. The adder closely misses you.
You miss the adder.
You feel sick. The adder bites you but does no damage. The adder bites you.
* * * LOW HITPOINT WARNING * * *
You hit the adder but do no damage.
Your shroud begins to fray at the edges.
The adder barely misses you.
You riposte.
You closely miss the adder. The adder bites you but does no damage.
You barely miss the adder. The adder misses you.
You hit the adder but do no damage.
You feel sick. The adder bites you.
* * * LOW HITPOINT WARNING * * *
Your shroud falls apart!
The adder bites you but does no damage.
You closely miss the adder. The adder bites you.
* * * LOW HITPOINT WARNING * * *
You are lethally poisoned!
The adder poisons you!
You closely miss the adder. The adder bites you.
You die...

#. #.## #...
#..# #..# #.†#
#..#
#.<#######.#
#..†S@.....#
.......#########
########


You could see an adder.

Vanquished Creatures
  An ooze (D:1)
  3 bats (D:1)
  2 giant cockroaches (D:1)
  4 goblins (D:1)
  2 hobgoblins (D:1)
  4 jackals
  A ball python (D:1)
  4 kobolds (D:1)
  3 rats
24 creatures vanquished.

Notes
Turn   | Place    | Note
-------+----------+-------------------------------------------
     0 | D:1      | Deathwalker the Human Warper began the quest for the Orb.
     0 | D:1      | Reached XP level 1. HP: 16/16 MP: 3/3
   175 | D:1      | Reached XP level 2. HP: 16/22 MP: 5/5
   258 | D:1      | Learned a level 2 spell: Blink
   261 | D:1      | Learned a level 2 spell: Shroud of Golubria
   527 | D:1      | Reached XP level 3. HP: 27/27 MP: 6/6
   876 | D:2      | Slain by an adder

Skill      XL: |  1  2 |
---------------+-------+-----
Long Blades    | 3 |  3.5
Fighting       | |  2.0
Throwing       | |  1.0
Armour         | |  1.0
Dodging        | |  2.0
Spellcasting   | |  2.0
Translocations | |  3.0

Action                   || total
-------------------------++-------
Melee: Falchion          ||   107
 Cast: Shroud of Golubri ||     2
Armor: Leather armour    ||    34
Dodge: Dodged            ||    81
       Rpst.: Falchion   ||    26
